 Dungeon Crawl Stone Soup version 0.25-a0-927-g39f137c8b7 (webtiles) character file.

Game seed: 11935559836883907307, levelgen mode: deterministic

15 Buwak the Digger (level 2, -2/22 HPs)
             Began as a Gargoyle Earth Elementalist on May 3, 2020.
             Slain by a worm (4 damage)
             ... on level 2 of the Dungeon.
             The game lasted 00:04:00 (959 turns).

Buwak the Digger (Gargoyle Earth Elementalist)       Turns: 959, Time: 00:04:00

Health: -2/22      AC: 21    Str: 11    XL:     2   Next: 50%
Magic:  4/5        EV:  2    Int: 15    God:
Gold:   75         SH:  0    Dex: 10    Spells: 4/5 levels left

rFire    + . .     SeeInvis .   a - +2 dagger (venom)
rCold    + . .     Gourm    .   (no shield)
rNeg     + + +     Faith    .   (armour currently unavailable)
rPois    ∞         Spirit   .   (helmet currently unavailable)
rElec    +         Reflect  .   (cloak currently unavailable)
rCorr    +         Harm     .   (gloves currently unavailable)
MR       .....     NoTele   +   (boots currently unavailable)
Stlth    ++........             (no amulet)
HPRegen  0.07/turn              (no ring)
MPRegen  0.09/turn              (no ring)

@: tree-form, resistant, very slightly contaminated
A: negative energy resistance 1, petrification resistance, rot immunity, AC +2
a: no special abilities


You were on level 2 of the Dungeon.
You were not hungry.
You were a tree.
You visited 1 branch of the dungeon, and saw 2 of its levels.

You collected 75 gold pieces.

Inventory:

Hand Weapons
 a - a +2 dagger of venom (weapon)
Missiles
 b - 96 stones (quivered)
Armour
 c - a +0 robe (melded)
 f - a +0 pair of boots (melded)
Scrolls
 h - 2 scrolls of magic mapping {unknown}
 i - a scroll of fear {unknown}
 j - 3 scrolls of teleportation {unknown}
Comestibles
 d - 6 rations
 k - 2 chunks of flesh


   Skills:
 - Level 1.5 Dodging
 - Level 2.1 Stealth
 + Level 2.4 Spellcasting
   Level 0.7 Transmutations
 + Level 4.1 Earth Magic


You had 4 spell levels left.
You knew the following spells:

 Your Spells              Type           Power        Failure   Level  Hunger
a - Sandblast             Erth           ##....       3%          1    #......

Your spell library contained the following spells:

 Spells                   Type           Power        Failure   Level  Hunger
 Passwall                 Tmut/Erth      #.......     12%         2    ###....
 Stone Arrow              Conj/Erth      #.....       26%         3    ###....
 Petrify                  Tmut/Erth      #.......     61%         4    #####..
 Lee's Rapid Deconstruct  Erth           ##........   71%         5    ######.


Dungeon Overview and Level Annotations

Branches:
Dungeon (2/15)

Altars:


Innate Abilities, Weirdness & Mutations

You are resistant to torment.
((Your stone body is resilient. (AC +2)))
You are immune to poison.
You resist negative energy. (rN+)
((You are resistant to electric shocks. (rElec)))
((You can survive without breathing.))
You are immune to petrification.
You are immune to rotting.


Message History

You are too injured to fight recklessly!
It was a potion of resistance.
You feel protected.
The hobgoblin shouts!
The giant cockroach closely misses you.
It was a potion of lignification.
You turn into a tree.
Your +0 pair of boots melds into your body.
Your +0 robe melds into your body.
Your roots penetrate the ground.
The giant cockroach bites you but does no damage.
Casting: Sandblast (safe; 3% risk of failure)
Confirm with . or Enter, or press ? or * to list all spells.
Aiming: Sandblast (safe; 3% risk of failure)
Press: ? - help, Shift-Dir - straight line, f - worm
Aim: a worm (heavily wounded, very poisoned)
You miscast Sandblast.
You are very lightly contaminated with residual magic.
Nothing appears to happen.
The giant cockroach bites you but does no damage.
The worm bites you.
You die...

.... .... ... #
#.# #..###..###..
.##.#
#..#.#..#.#..
.#.###..#.#..#.#..
#..........[.....#
#..###..###..###..
#..#.#....#..# #.#
#s.#.#.)###..# #.#
#♣g..............#
#w.###..###..###.#
#..# #..# ...# ..#
#..# #..###..# #..
#... .... .... ..[
#...####...... ...
##### ###


You could see a worm, a giant cockroach and a hobgoblin.

Vanquished Creatures
  2 giant cockroaches
  2 goblins
  3 jackals (D:1)
  2 kobolds (D:1)
  A frilled lizard (D:1)
  3 rats (D:1)
13 creatures vanquished.

Notes
Turn   | Place    | Note
-------+----------+-------------------------------------------
     0 | D:1      | Buwak the Gargoyle Earth Elementalist began the quest for
                  | the Orb.
     0 | D:1      | Reached XP level 1. HP: 10/10 MP: 3/3
   720 | D:1      | Reached XP level 2. HP: 15/15 MP: 5/5
   721 | D:1      | Reached skill level 4 in Earth Magic
   959 | D:2      | Slain by a worm

Levels and vault maps discovered:
D:1:      kennysheep_arrival_forest, layout_basic
D:2:      layout_loops_ring, nicolae_overflow_crystal_walls,
          lemuel_doored_altar, first_ration, minmay_misc_feat_nine_boxes,
          amethyst_killhole

Skill      XL: |  1  2 |
---------------+-------+-----
Earth Magic    | 4 |  4.1
Dodging        | |  1.5
Stealth        | |  2.1
Spellcasting   | |  2.4
Transmutations | |  0.7

Action                   || total
-------------------------++-------
Melee: Unarmed           ||    36
       Dagger            ||    31
 Cast: Sandblast         ||     2
  Use: Potion            ||     2
 Stab: Sleeping          ||     3
Armor: Robe              ||    19
       Skin              ||     2
Dodge: Dodged            ||    43

Table legend:
 A = Non-vault XP
 B = Vault XP
 C = Vault XP percentage of total XP
 D = Non-vault monster count
 E = Vault monster count
 F = Vault count percentage of total count
                 A         B        C        D         E       F
            +---------+---------+-------+---------+---------+-------
      Total |      22 |       0 |   0.0 |      13 |       0 |   0.0
            +---------+---------+-------+---------+---------+-------
        D:1 |      18 |       0 |   0.0 |      11 |       0 |   0.0
        D:2 |       4 |       0 |   0.0 |       2 |       0 |   0.0
            +---------+---------+-------+---------+---------+-------
